 Dungeon Crawl Stone Soup version 0.29.1-1-gd02db6906a (webtiles) character file.

Game seed: 9322997620826520276

5 funnyparkerb the Trooper (level 1, -1/11 HPs)
             Began as a Vine Stalker Monk on Sept 29, 2022.
             Slain by a hobgoblin (3 damage)
             ... on level 1 of the Dungeon.
             The game lasted 00:00:23 (361 turns).

funnyparkerb the Trooper (Vine Stalker Monk)         Turns: 361, Time: 00:00:24

Health: -1/11      AC:  2    Str: 13    XL:     1   Next: 80%
Magic:  0/2        EV: 12    Int: 10    God:
Gold:   6          SH:  0    Dex: 16    Spells: 0/0 levels left

rFire   . . .      SeeInvis .   a - +0 short sword
rCold   . . .      Faith    .   (no shield)
rNeg    . . .      Spirit   +   b - +0 robe
rPois   .          Reflect  .   (no helmet)
rElec   .          Harm     .   (no cloak)
rCorr   .          Rampage  .   (no gloves)
Will    .....                   (no boots)
Stlth   ++........              (no amulet)
HPRegen 0.03/turn               (no ring)
MPRegen 0.08/turn               (no ring)

@: no status effects
A: fangs 2, magic shield, antimagic bite, no potion heal 2
a: no special abilities


You were on level 1 of the Dungeon.
You visited 1 branch of the dungeon, and saw 1 of its levels.

You collected 6 gold pieces.

Inventory:

Hand Weapons
 a - a +0 short sword (weapon)
Armour
 b - a +0 robe (worn)
Potions
 c - a potion of ambrosia
 d - a potion of brilliance {unknown}


   Skills:
 * Level 2.8 Fighting
 * Level 2.8 Short Blades
 * Level 2.5 Dodging
 + Level 2.5 Stealth


You couldn't memorise any spells.
You didn't know any spells.
Your spell library was empty.

Dungeon Overview and Level Annotations

Branches:
Dungeon (1/15)

Altars:


Innate Abilities, Weirdness & Mutations

You have extremely sharp teeth.
When hurt, damage is shared between your health and your magic reserves.
Your bite disrupts and absorbs the magic of your enemies.
Potions cannot restore your health.


Message History

The helpless rat fails to defend itself.
You puncture the rat!
You kill the rat!
The kobold shouts!
You hear a shout!
The kobold throws a stone.
The stone hits you but does no damage.
A goblin comes into view. It is wielding a +0 club.
A hobgoblin comes into view.
Found 2 emerald potions.
The kobold throws a stone.
The stone closely misses you.
An endoplasm comes into view.
The kobold throws a stone.
The stone hits you but does no damage.
Found a scroll labelled QAECINKOARI.
The kobold hits you but does no damage.
The kobold hits you with a +0 short sword of speed.
You hit the kobold but do no damage. You bite the kobold.
You kill the kobold!
The hobgoblin hits you. The hobgoblin attacks as you move away!
The hobgoblin hits you but does no damage.
You hit the hobgoblin.
You bite the hobgoblin, but do no damage.
The hobgoblin is moderately wounded.
The hobgoblin barely misses you.
You closely miss the hobgoblin. You bite the hobgoblin. You drain its power.
You feel invigorated.
The hobgoblin is heavily wounded.
The hobgoblin hits you.
You hit the hobgoblin but do no damage.
The hobgoblin is heavily wounded.
The hobgoblin barely misses you.
You hit the hobgoblin but do no damage.
The hobgoblin is heavily wounded.
The hobgoblin hits you.
* * * LOW HITPOINT WARNING * * *
You are too injured to fight recklessly!
You are too injured to fight recklessly!
You are too injured to fight recklessly!
You are too injured to fight recklessly!
You are too injured to fight recklessly!
The hobgoblin attacks as you move away! The hobgoblin hits you.
You die...

#...........#.#
#.............#
#..#.#..#######
##.....#.#
#####.#.# #.#g#
#.#.# . #.#g#
####### #÷#@#
....... #.#.#
.8..... #.#.#
....... #.#.#
....... #.#.#
.8..... ##.#.#
.......
#....##♣
.8.....
#......♣♣
.......
#.......♣
.......


You could see a hobgoblin and a goblin.

Vanquished Creatures
  An endoplasm (D:1)
  A hobgoblin (D:1)
  A quokka (D:1)
  A kobold (D:1)
  A rat (D:1)
5 creatures vanquished.

Notes
Turn   | Place    | Note
-------+----------+-------------------------------------------
     0 | D:1      | funnyparkerb the Vine Stalker Monk began the quest for the
                  | Orb.
     0 | D:1      | Reached XP level 1. HP: 11/11 MP: 2/2
   361 | D:1      | Slain by a hobgoblin

Illustrated notes

Levels and vault maps discovered:
D:1:      giann_forest_graveyard, layout_loops_ring,
          shapermc_ecumenical_altar_hornbeckon, roderic_roman_lattice,
          serial_bayou_pond_b, hangedman_decor_opposing

Action                   || total
-------------------------++-------
Melee: Short sword       ||    14
       Bite              ||     5
 Stab: Sleeping          ||     2
Armor: Robe              ||     9
Dodge: Dodged            ||     9
